Oof, chaotic male orcish Barbarian ----------------------- ----- ------- |.....................| |... .....|----------- |..---------------....| |... ....|%*%|..|...| --- |.<|---.....| +..- ...|([=|..|... |..--.......| |..| -..|...|..|-|---+-- --..........-----..| |..--|---|-.........- ---...............| +.....I.......----- ---.............|---- |...)..--I-...|...| --......----...|(((|+------..{.(.|).|...-...| |.......| +...| ((|.............|..|...|...| -- --......| |.%[| ..--+-.....---|-----.------- --- |.---......----..%--+-- |..-|-|.....)[............- |............|.......%| |.....|----)...--.------ --...........|..#...%.---...|..|!%.-....|......| --..........|-....{........|..|%%.|....-...._.| ---........--..|....#.....-.------....|......| --..--.......--.....................|-----.- ----------.. -------.-----------...| ## --- -.-- #. ## #.. Oof the Bandit Experience level: 7 Strength: 18 Dexterity: 17 Constitution: 17 Intelligence: 7 Wisdom: 9 Charisma: 7 Health: 0(75) Energy: 10(10) Def: 11 Gold: 388 Moves: 3030 Dungeon seed: JvgzDh6H3VGK7yRz Game ID: Oof_1597827982 Your Inventory: Coins $ - 388 gold pieces Weapons o - a +0 dwarvish short sword (weapon in hand) u - a +0 crossbow v - 9 +0 crossbow bolts G - a +0 axe (alternate weapon; not wielded) Armor e - a blessed +3 orcish ring mail (being worn) k - an uncursed +0 pair of iron shoes (being worn) z - an uncursed +0 dwarvish cloak (being worn) N - an uncursed +0 dwarvish iron helm (being worn) Y - an uncursed +0 dwarvish roundshield (being worn) Comestibles d - an uncursed slime mold t - an uncursed partly eaten food ration H - 2 uncursed cloves of garlic L - an uncursed tin of killer bee meat Potions F - an uncursed potion of sleeping Tools l - an uncursed sack x - a tinning kit (0:94) I - an uncursed tin whistle J - a +0 pick-axe M - a cursed wax candle (0:400) S - 6 uncursed tallow candles (0:200) Gems n - 2 uncursed worthless pieces of orange glass q - 5 uncursed worthless pieces of black glass r - an uncursed worthless piece of yellow glass y - an uncursed worthless piece of violet glass K - an uncursed worthless piece of blue glass Spells and supernatural/magical abilities: Name Level Category Fail Memory W - pray for help -- divine ? -- Your skills at the end: Fighting Skills bare handed combat [Basic] Weapon Skills axe [Basic] short sword [Basic] Spellcasting Skills Final Attributes: You were stridently aligned. You were poison resistant. You were blinded. You had infravision. You were fast. You are dead. Vanquished creatures: a watchman a gnome king a rock piercer a yellow light a shrieker 7 gnome lords a golden naga hatchling a guardian naga hatchling a paper golem a kitten 9 dwarves a kobold shaman a rabid rat a centipede 11 killer bees 2 acid blobs a coyote 2 hobbits a cave spider a yellow mold a green mold 31 gnomes a garter snake 4 jackals a fox 4 kobolds 4 grid bugs 2 bats 4 lichens 2 newts 100 creatures vanquished. Voluntary challenges: You followed a strict vegan diet. You were an atheist. You used a wielded weapon 136 times, starting on turn 2. You read items or engraved 4 times, starting on turn 8. You never genocided any monsters. You never polymorphed an object. You never changed form. You used no wishes. You never split a pudding. You never wrote Elbereth's name. You violated your moral code, losing 17 points of alignment, starting on turn 2880. Dungeon overview: The Dungeons of Doom: levels 1 to 2 Level 1 a long staircase Level 2 a scroll shop, a fountain stairs to The Gnomish Mines The Gnomish Mines: levels 3 to 6 Level 3 stairs to The Dungeons of Doom Level 4 Level 5 Level 6 <- You were here some shops, a temple to Mitra, some fountains, some trees History has recorded: On T:1 you entered the Dungeons of Doom to retrieve the Amulet of Yendor! On T:400 you reached level 2 of The Dungeons of Doom. On T:417 you advanced to experience level 2. On T:717 you reached level 1 of The Gnomish Mines. On T:730 you advanced to experience level 3. On T:756 you advanced to experience level 4. On T:861 you advanced to experience level 5. On T:1498 you reached level 2 of The Gnomish Mines. On T:1622 you advanced to experience level 6. On T:2293 you reached level 3 of The Gnomish Mines. On T:2647 you advanced to experience level 7. On T:2670 you reached level 4 of The Gnomish Mines. Score breakdown: Gold: 388 ( 8810 points) Experience: 7 levels (13645 points) Exploration: 6 levels ( 12.00%) ( 9583 points) Discoveries: 10 items ( 4.07%) ( 6048 points) Valuables value: (no points given unless you survive) Artifact value: 0 ( 0 points) Variety of kills: 30 monsters ( 7.87%) ( 8418 points) Turncount: 3030 turns ( -614 points) Survival: died (score multiplied by 80%) Total score: 36712 Latest messages: You can see again. You smite the watch captain! The watch captain zaps a runed wand! The bolt of lightning hits you! You are blinded by the flash! The bolt of lightning bounces! Wait! There's something there you can't see! You hear a nearby zap. The bolt of lightning whizzes by you! You hear a nearby zap. The bolt of lightning hits you! Your wand of magic missile breaks apart and explodes! You try to feel what is lying here on the floor. You feel here 11 darts. You try to feel what is lying here on the floor. You feel here 11 darts. You try to feel what is lying here on the floor. You feel here 11 darts. You sense a monster nearby! You hear a nearby zap. The bolt of lightning whizzes by you! There's still a monster there. It hits! You miss it. It hits! You die... Final status: Goodbye Oof the Barbarian, killed by a watch captain... You died in The Gnomish Mines on dungeon level 6 with 36712 points, and 388 pieces of gold, after 3030 moves. You were level 7 with a maximum of 75 hit points when you died.